 Dungeon Crawl Stone Soup version 0.30-a0-1006-g5d778dfbfc (webtiles) character file.

Game seed: 14950058048808847374

6447 Charly the Zephyrmancer (level 10, 0/80 HPs)
             Began as a Naga Air Elementalist on Apr 5, 2023.
             Killed by their own static electricity (5 damage)
             ... on level 9 of the Dungeon.
             The game lasted 00:29:32 (12353 turns).

Charly the Zephyrmancer (Naga Air Elementalist)    Turns: 12353, Time: 00:29:33

Health: 0/80       AC:  9    Str: 11    XL:     10   Next: 99%
Magic:  7/22       EV: 14    Int: 26    God:
Gold:   13         SH:  0    Dex: 11    Spells: 16/26 levels left

rFire   + . .      SeeInvis +    f - +1 dagger (venom)
rCold   . . .      Faith    .    (no shield)
rNeg    . . .      Spirit   .    B - +2 leather armour {rF+}
rPois   +          Reflect  .    (no helmet)
rElec   .          Rampage  .    (no cloak)
rCorr   .                        x - +2 pair of gloves
Will    +....                    (no barding)
Stlth   ++                       (no amulet)
HPRegen 0.33/turn                g - +5 ring of evasion
MPRegen 0.18/turn                G - +6 ring of intelligence

@: very slow
A: AC +3, large, see invisible, deformed body, poison resistance, slowness 2,
spit poison 1, naga tail 1
a: Spit Poison


You were on level 9 of the Dungeon.
You visited 2 branches of the dungeon, and saw 11 of its levels.

You collected 506 gold pieces.
You spent 493 gold pieces at shops.

Inventory:

Hand Weapons
 f - a +1 dagger of venom (weapon)
Missiles
 F - a curare-tipped dart
Armour
 x - a +2 pair of gloves (worn)
 B - a +2 leather armour of fire resistance (worn)
Jewellery
 c - a ring of protection from cold
 g - a +5 ring of evasion (left hand)
 n - a ring of positive energy
 C - a ring of resist corrosion
 G - a +6 ring of intelligence (right hand)
 H - a ring of flight
Wands
 l - a wand of flame (27)
 z - a wand of polymorph (7)
 D - a wand of paralysis (6)
Scrolls
 a - a scroll of amnesia
 e - 4 scrolls of teleportation
 i - 3 scrolls of immolation
 k - a scroll of vulnerability {unknown}
 o - 2 scrolls of blinking
 q - a scroll of noise {unknown}
 r - a scroll of fear {unknown}
 u - a scroll of magic mapping {unknown}
 y - a scroll of enchant armour
Potions
 b - a potion of magic
 d - a potion of attraction {unknown}
 h - 3 potions of curing
 j - 2 potions of flight {unknown}
 m - 3 potions of berserk rage
 p - 3 potions of brilliance
 s - 3 potions of lignification {unknown}
 t - a potion of might {unknown}
 v - 3 potions of ambrosia
 w - 2 potions of heal wounds {unknown}
 A - a potion of haste {unknown}
 E - 2 potions of degeneration {unknown}


   Skills:
 - Level 2.0 Fighting
 - Level 1.5 Dodging
 - Level 5.0 Stealth
 + Level 8.7 Spellcasting
 + Level 9.3 Conjurations
 + Level 9.7 Air Magic


You had 16 spell levels left.
You knew the following spells:

 Your Spells              Type           Power      Damage    Failure   Level
a - Shock                 Conj/Air       100%       1d9       1%          1
b - Airstrike             Air            29%        2d(5-21)  1%          4
q - Swiftness             Air            58%        N/A       1%          3
z - Static Discharge      Conj/Air       100%       2-7/arc   1%          2

Your spell library contained the following spells:

 Spells                   Type           Power      Damage    Failure   Level
 Summon Small Mammal      Summ           44%        N/A       7%          1
 Call Canine Familiar     Summ           11%        N/A       21%         3
 Summon Guardian Golem    Hex/Summ       11%        N/A       21%         3
 Summon Ice Beast         Ice/Summ       11%        N/A       56%         4
 Monstrous Menagerie      Summ           5%         N/A       100%        7


Dungeon Overview and Level Annotations

Branches:
Dungeon (10/15)            Temple (1/1) D:4            Lair (0/5) D:9
    Orc: D:9-12

Altars:
Ashenzari
Cheibriados
Dithmenos
Elyvilon
Gozag
Hepliaklqana
Kikubaaqudgha
Makhleb
Nemelex Xobeh
Okawaru
Qazlal
Ru
Sif Muna
Trog
Vehumet
Wu Jian
Xom
Yredelemnul
Zin
The Shining One

Shops:
D:3 [   D:7 =*   D:8 *

Annotations:
D:4 3 runed translucent doors, mopl's ghost, amateur OpRe
D:5 3 runed translucent doors, exclusion: two-headed ogre, MrClown's ghost, novice DsNe


Innate Abilities, Weirdness & Mutations

Your serpentine skin is tough. (AC +3)
You have supernaturally acute eyesight. (SInv)
Armour fits poorly on your strangely shaped body.
Your system is resistant to poisons. (rPois)
You cover ground very slowly.
You can spit poison.
You have a snake-like lower body.


Message History

The yak is severely wounded.
The lightning grounds out.
The yak bellows!
The yak misses you. The yak gores you.
* * * LOW HITPOINT WARNING * * *
Casting: Static Discharge (safe; 1% risk of failure)
Confirm with . or Enter, or press ? or * to list all spells.
The yak is struck by an arc of lightning.
The yak is severely wounded.
The yak is struck by an arc of lightning.
The yak is almost dead.
The lightning grounds out.
The yak bellows! x2
The yak gores you!
* * * LOW HITPOINT WARNING * * *
The yak gores you but does no damage.
Casting: Static Discharge (safe; 1% risk of failure)
Confirm with . or Enter, or press ? or * to list all spells.
The yak is struck by an arc of lightning.
The yak is almost dead.
The yak is struck by an arc of lightning!
The yak is almost dead.
You are struck by an arc of lightning.
* * * LOW HITPOINT WARNING * * *
The yak is struck by an arc of lightning.
You kill the yak!
You are struck by an arc of lightning.
* * * LOW HITPOINT WARNING * * *
The lightning grounds out.
The yak gores you but does no damage.
A yak comes into view.
Casting: Static Discharge (safe; 1% risk of failure)
Confirm with . or Enter, or press ? or * to list all spells.
The yak is struck by an arc of lightning.
The yak is almost dead.
You are struck by an arc of lightning.
* * * LOW HITPOINT WARNING * * *
The yak is struck by an arc of lightning!
You kill the yak!
You are struck by an arc of lightning.
You die...

.####.# #.## ###...##.
....#.###[######## #.......Y
.................# ###.#Y.#
....#####.######.######......#
......###.######.....Y.Y..#Y#####
.......#...))).)....Y...##......#
.........)#######..Y######.####..
.>.......## ##†#..## ##.# .
........########@.##..###..#
.......####......####Y....##
......##....###### #######
....####..### #)####....#
#........## ##########


You could see 4 yaks.

Vanquished Creatures
  A two-headed ogre (D:9)
  Pikel (D:8)
  Psyche (D:9)
  A troll (D:10)
  A hornet (D:9)
  A wraith (D:9)
  3 yaks (D:9)
  Eustachio (D:4)
  A wyvern (D:7)
  2 wargs
  Grum (D:8)
  Menkaure (D:7)
  Duvessa (D:7)
  3 orc warriors
  2 ice beasts
  An ogre (D:7)
  3 centaurs
  3 wolves (D:8)
  2 lemures (D:8)
  2 phantoms
  2 kobold brigands
  3 bullfrogs
  8 scorpions
  4 wights (D:9)
  Dowan (D:7)
  2 howler monkeys (D:8)
  A quasit (D:5)
  A jelly (D:4)
  3 hounds
  7 orc priests
  2 sleepcaps
  Ijyb (D:4)
  Terence (D:3)
  2 iguanas
  13 orc wizards
  8 gnolls
  7 adders
  3 shadow imps
  5 white imps (D:5)
  2 ufetubi
  5 worms
  48 orcs
  6 ball pythons
  7 endoplasms
  2 giant cockroaches
  8 goblins
  6 hobgoblins
  5 quokkas
  8 bats
  3 frilled lizards
  14 kobolds
  2 rats (D:1)
222 creatures vanquished.

Vanquished Creatures (others)
  9 demonic plants (D:5)
9 creatures vanquished.

Grand Total: 231 creatures vanquished

Notes
Turn   | Place    | Note
-------+----------+-------------------------------------------
     0 | D:1      | Charly the Naga Air Elementalist began the quest for the
                  | Orb.
     0 | D:1      | Reached XP level 1. HP: 15/15 MP: 3/3
   208 | D:1      | Reached skill level 1 in Fighting
   208 | D:1      | Reached XP level 2. HP: 25/25 MP: 5/5
   546 | D:1      | Reached XP level 3. HP: 32/32 MP: 3/6
   827 | D:2      | Learned a level 2 spell: Static Discharge
   881 | D:2      | Found a faded altar of an unknown god.
  1128 | D:2      | Reached skill level 5 in Stealth
  1325 | D:2      | Reached XP level 4. HP: 35/39 MP: 1/7
  2261 | D:3      | Reached XP level 5. HP: 45/45 MP: 1/8
  2623 | D:3      | Noticed Terence
  2631 | D:3      | Killed Terence
  2881 | D:3      | Reached XP level 6. HP: 52/52 MP: 6/10
  3014 | D:3      | Found Abou's Armour Shoppe.
  3296 | D:4      | Noticed Ijyb
  3313 | D:4      | Killed Ijyb
  3544 | D:4      | Learned a level 3 spell: Swiftness
  3583 | D:4      | Learned a level 4 spell: Airstrike
  3698 | D:4      | Found a runed translucent gate.
  3698 | D:4      | Found a runed translucent gate.
  3779 | D:4      | Found a runed translucent gate.
  3781 | D:4      | Noticed mopl's ghost (amateur OpRe)
  3888 | D:4      | Found a staircase to the Ecumenical Temple.
  3906 | Temple   | Entered the Ecumenical Temple
  4078 | D:4      | Noticed Eustachio
  4100 | D:4      | Killed Eustachio
  4101 | D:4      | Reached XP level 7. HP: 58/60 MP: 8/13
  4722 | D:5      | Entered Level 5 of the Dungeon
  4849 | D:5      | Reached skill level 5 in Air Magic
  5173 | D:5      | Found a burning altar of Makhleb.
  5498 | D:5      | Reached XP level 8. HP: 63/67 MP: 7/15
  5596 | D:5      | Noticed a two-headed ogre
  6107 | D:5      | Reached skill level 5 in Conjurations
  6321 | D:5      | Found a runed translucent gate.
  6322 | D:5      | Found a runed translucent gate.
  6322 | D:5      | Found a runed translucent gate.
  6324 | D:5      | Found an opulent altar of Gozag.
  6326 | D:5      | Noticed MrClown's ghost (novice DsNe)
  6326 | D:5      | Noticed a two-headed ogre
  6543 | D:6      | Reached skill level 5 in Spellcasting
  7721 | D:7      | Reached XP level 9. HP: 65/73 MP: 11/17
  7760 | D:7      | Found Bdoikh's Bounteous Boutique.
  7906 | D:7      | Bought a scroll of blinking for 97 gold pieces
  8118 | D:7      | Found a snail-covered altar of Cheibriados.
  8169 | D:7      | Found Tieg's Jewellery Emporium.
  8353 | D:7      | Noticed Duvessa
  8355 | D:7      | Killed Duvessa
  8364 | D:7      | Noticed Dowan
  8372 | D:7      | Killed Dowan
  8607 | D:7      | Noticed Menkaure
  8614 | D:7      | Killed Menkaure
  9123 | D:8      | Noticed Grum
  9541 | D:8      | Noticed Pikel
  9680 | D:8      | Killed Pikel
  9681 | D:8      | Reached XP level 10. HP: 80/80 MP: 11/21
  9809 | D:8      | Found Zin's Purification Station.
  9888 | D:8      | Found a glowing silver altar of Zin.
  9888 | D:8      | Found a sparkling altar of Nemelex Xobeh.
  9946 | D:8      | Killed Grum
 10093 | D:8      | Found a bloodstained altar of Trog.
 10339 | D:8      | Found a white marble altar of Elyvilon.
 10428 | D:9      | Found a broken altar of Ashenzari.
 10480 | D:9      | Noticed a two-headed ogre
 10873 | D:9      | Killed a two-headed ogre
 11057 | D:9      | Noticed Psyche
 11059 | D:9      | Killed Psyche
 11161 | D:9      | Got the Volume of Formation
 11186 | D:10     | Entered Level 10 of the Dungeon
 11502 | D:7      | Bought a +6 ring of intelligence for 396 gold pieces
 12148 | D:9      | Found a staircase to the Lair.
 12281 | D:9      | Noticed a deep elf pyromancer
 12353 | D:9      | Killed from afar by themself

Illustrated notes

Levels and vault maps discovered:
D:1:      noname_arrival_rooms_in_the_neighbourhood, layout_rooms,
          nrook_campfire, nicolae_wormholes
D:2:      layout_loops_ring, hellmonk_ecumenical_altar_prayer_group,
          minmay_misc_feat_doors, wad_orctagon
D:3:      layout_rooms, serial_shops, shop, st_stairs_3, uniq_terence
D:4:      layout_basic, minmay_temple_entry_ruins, gammafunk_ghost_split,
          minmay_puff, uniq_eustachio, uniq_ijyb
D:5:      layout_loops_corners, kennysheep_mini_moat, ebering_ghost_gozag,
          serial_demonic, serial_demonic_c, serial_demonic_e, serial_demonic_g,
          serial_demonic_b
D:6:      layout_loops_cross, kennysheep_generic_room_14
D:7:      layout_cave_pools, mainiacjoe_overflow_paths, serial_shops,
          nicolae_shop_waterfront, nicolae_alphabet_shops, nrook_mini_vaults,
          uniq_duvessa, uniq_menkaure
D:8:      layout_rooms, zin_purify, nemelex_xobeh_ov_fountains_minmay,
          trog_butcher_becter, elyvilon_altar_5, uniq_grum, uniq_pikel
D:9:      layout_rooms, mainiacjoe_overflow_concentric_impassable,
          ashenzari_conservatory_becter, erik_lair_orcish_takeover, uniq_psyche
D:10:     layout_irregular_city, tgw_fedhas, mainiacjoe_overflow_brackets
Temple:   hc_temple_tempest_star

Skill      XL: |  1  2  3  4  5  6  7  8  9 10 |
---------------+-------------------------------+-----
Fighting       | 1 2 |  2.0
Stealth        | 4 5 |  5.0
Conjurations   | 2 3 4 6 7 9 |  9.3
Spellcasting   | 3 4 5 7 8 |  8.7
Air Magic      | 4 5 6 8 9 |  9.7
Dodging        | |  1.5

Action                     |  1- 3 |  4- 6 |  7- 9 | 10-12 || total
---------------------------+-------+-------+-------+-------++-------
  Melee: Dagger            |     5 |     8 |     7 |     5 ||    25
   Cast: Shock             |    53 |    98 |   129 |    16 ||   296
         Static Discharge  |     4 |    17 |    66 |    22 ||   109
         Swiftness         |       |     1 |       |     3 ||     4
         Airstrike         |       |       |    32 |    57 ||    89
Ability: Spit Poison       |    28 |    27 |    22 |     5 ||    82
  Evoke: Wand              |       |     5 |     8 |     3 ||    16
    Use: Scroll            |     2 |     3 |     6 |     1 ||    12
   Stab: Paralysed         |       |       |       |     3 ||     3
 Armour: Robe              |     2 |       |       |       ||     2
         Leather armour    |     2 |     4 |    16 |     8 ||    30
  Dodge: Dodged            |    18 |    23 |    65 |    16 ||   122

Table legend: (Time is in decaauts)
 A = Elapsed time spent in this place.
 B = Non-inter-level travel time spent in this place.
 C = Inter-level travel time spent in this place.
 D = Time resting spent in this place.
 E = Time spent auto-exploring this place.
 F = Levels seen in this place.
 G = Mean time per level.
                   A        B        C        D        E       F      G
               +--------+--------+--------+--------+--------+-----+--------+
         Total |  14745 |  13875 |    870 |    220 |  11902 |  11 | 1340.5 |
       Dungeon |  14572 |  13702 |    870 |    220 |  11767 |  10 | 1457.2 |
        Temple |    172 |    172 |      0 |      0 |    134 |   1 |  172.0 |
               +--------+--------+--------+--------+--------+-----+--------+

Top non-repeatable levels by time:
     D:5: 2557 daAuts
     D:8: 1894 daAuts
     D:4: 1816 daAuts
     D:2: 1714 daAuts
     D:7: 1632 daAuts
     D:9: 1370 daAuts
     D:6: 1230 daAuts
     D:3: 1072 daAuts
     D:1: 983 daAuts
    D:10: 302 daAuts
  Temple: 172 daAuts
